 Dungeon Crawl Stone Soup version bcrawl-1.37.2 (webtiles) character file.

Game seed: 2268149464761374582

15769287 Artagas the Conqueror (level 27, 245/245 HPs)
             Began as a Ghoul Wanderer on Oct 24, 2022.
             Was the Champion of Ru.
             Escaped with the Orb
             ... and 3 runes on Oct 25, 2022!
             The game lasted 03:16:04 (62069 turns).

Artagas the Conqueror (Ghoul Wanderer)             Turns: 62069, Time: 03:16:04

Health: 245/245    AC: 46    Str: 29    XL:     27
Magic:  26/26      EV: 16    Int: 10    God:    Ru [******]
Gold:   3190       SH:  0    Dex: 17    Spells: 26/26 levels left

rFire    + + .     GDR:     42% j - +8 mithril axe "Arga" {speed, MR+}
rCold    + + .     SeeInvis .   (shield unavailable)
rNeg     + + .     Gourm    .   J - +9 scales of the Dragon King {rPois rF+ rC+ MR+}
rPois    +         Faith    .   c - -2 hat of the Alchemist {rElec rPois rF+ rC+ rN+ MR+ rMut rCorr}
rElec    +         Spirit   .   O - +2 cloak {+Inv}
rCorr    +         Reflect  .   r - +1 pair of gauntlets of War {Slay+6}
rMut     +                      o - +2 pair of boots {run}
MR       +++++                  R - amulet of Guunna Bohut {Regen Dex+4}
Stlth    ..........             (ring unavailable)
HPRegen  1.28/turn              A - ring of Tilion {rPois AC+6}
MPRegen  0.20/turn

@: rotting, drained, very quick
A: claws 1, blurry vision 1, carnivore, speed 1, frail 1, low mp 2, negative
energy resistance 1, poison resistance, partial torment resistance, missing a
hand, no stealth, disrupted magic 1, strong legs 1
0: Orb of Zot
}: 3/15 runes: decaying, silver, gossamer
a: Hop, Draw Out Power, Power Leap, Apocalypse, Renounce Religion, Evoke
Invisibility


You escaped.
You worshipped Ru.
Ru was exalted by your worship.
You were not hungry.

You visited 10 branches of the dungeon, and saw 43 of its levels.
You visited 2 bazaars.
You also visited: Bailey.

You collected 9738 gold pieces.
You spent 6548 gold pieces at shops.

Inventory:

Hand Weapons
 j - the +8 mithril axe "Arga" (weapon) {speed, MR+}
   (You took it off a deep elf mage on level 3 of the Elven Halls)

   Attacks with this weapon are significantly faster.
   It affects your resistance to hostile enchantments.
Missiles
 g - 441 javelins (quivered)
 C - 254 javelins of penetration {=f}
 Y - 5 throwing nets {=f}
Armour
 c - the -2 hat of the Alchemist (worn) {rElec rPois rF+ rC+ rN+ MR+ rMut rCorr}
   (You bought it in a shop in a bazaar)

   It protects you from fire.
   It protects you from cold.
   It insulates you from electricity.
   It protects you from poison.
   It protects you from negative energy.
   It affects your resistance to hostile enchantments.
   It provides partial protection from all sources of acid and corrosion.
   It protects you from mutation.
 o - a +2 pair of boots of running (worn)
   (You bought it in a shop in the Orcish Mines)
 r - the +1 pair of gauntlets of War (worn) {Slay+6}
   (You found it on level 3 of the Realm of Zot)

   It affects your accuracy and damage with ranged weapons and melee attacks
   (+6).
 J - the +9 scales of the Dragon King (worn) {rPois rF+ rC+ MR+}
   (You bought it in a shop on level 8 of the Dungeon)

   It protects you from fire.
   It protects you from cold.
   It protects you from poison.
   It affects your resistance to hostile enchantments.
 O - a +2 cloak of invisibility (worn)
   (You took it off a draconian stormcaller on level 1 of the Realm of Zot)
 V - a +2 helmet of see invisible
   (You found it in a bailey)
 X - a scarf of resistance
   (You bought it in a shop on level 8 of the Dungeon)
Jewellery
 i - an uncursed ring of see invisible
   (You bought it in a shop on level 4 of the Depths)
 p - the ring of Res Nullius {rF++ AC+2 Str-5 Dex+5}
   (You found it on level 2 of the Depths)

   [ring of protection]

   It affects your AC (+2).
   It affects your strength (-5).
   It affects your dexterity (+5).
   It greatly protects you from fire.
 A - the ring of Tilion (right hand) {rPois AC+6}
   (You found it on level 1 of the Depths)

   [ring of protection]

   It affects your AC (+6).
   It protects you from poison.
 N - the ring of the Genius {+Inv Str+2 Int+4}
   (You took it off an ogre mage on level 3 of the Vaults)

   [ring of intelligence]

   It affects your strength (+2).
   It affects your intelligence (+4).
   It lets you turn invisible.
 R - the amulet of Guunna Bohut (around neck) {Regen Dex+4}
   (You found it on level 2 of the Crypt)

   [amulet of regeneration]

   It affects your dexterity (+4).
Wands
 f - a wand of clouds (9)
   (You found it on level 2 of the Spider Nest)
 v - a wand of digging (19)
   (You bought it in a shop on level 8 of the Dungeon)
 B - a wand of iceblast (48)
   (You found it on level 3 of the Lair of Beasts)
 H - a wand of paralysis (29)
   (You found it on level 5 of the Dungeon)
 L - a wand of scattershot (3)
   (You found it on level 3 of the Lair of Beasts)
 Q - a wand of acid (42)
   (You bought it in a shop on level 8 of the Dungeon)
 S - a wand of charming (7)
   (You bought it in a shop on level 8 of the Dungeon)
Scrolls
 m - 3 scrolls of fog
 t - 18 scrolls of teleportation
 x - 7 scrolls of vulnerability
 z - 10 scrolls of blinking
 D - 7 scrolls of fear
 E - 3 scrolls of magic mapping
 U - a scroll of summoning
 Z - 5 scrolls of immolation
Potions
 d - 5 potions of might
 h - 4 potions of haste
 k - 9 potions of flight
 n - 2 potions of resistance
 q - 13 potions of curing
 s - 3 potions of agility
 w - 10 potions of heal wounds
 F - 3 potions of invisibility
 G - 5 potions of ambrosia
 I - 6 potions of cancellation
 M - 12 potions of mutation
 P - 6 potions of magic
Miscellaneous
 a - a lightning rod (4/4)
   (You found it on level 3 of the Elven Halls)
 b - a sack of spiders
   (You found it on level 3 of the Elven Halls)
 l - a phantom mirror
 y - a phial of floods
   (You found it on level 3 of the Lair of Beasts)
 K - a box of beasts
 T - a sack of spiders
   (You found it on level 3 of the Elven Halls)
 W - a lamp of fire
   (You found it on level 6 of the Lair of Beasts)
Comestibles
 e - 65 rations {!d}


   Skills:
 O Level 27(25.1) Fighting
   Level 14.0(12.5) Long Blades
 - Level 19.0(17.3) Axes
   Level 5.0(3.8) Crossbows
 - Level 16.0(14.4) Throwing
 + Level 21.1(19.4) Armour
 + Level 17.8(16.2) Dodging
 - Level 13.0(11.5) Evocations


You had 26 spell levels left.
You didn't know any spells.
Your spell library contained the following spells:

 Spells                   Type           Power        Failure   Level  Hunger
 Apportation              Tloc           #.....       99%         1    None
 Corona                   Hex            #......      99%         1    None
 Flame Tongue             Conj/Fire      #....        99%         1    None
 Freeze                   Ice            #.....       99%         1    None
 Infusion                 Chrm           #.......     99%         1    None
 Magic Dart               Conj           #...         99%         1    None
 Necrotize                Necr           #.....       99%         1    None
 Sandblast                Erth           #.....       99%         1    None
 Slow                     Hex            #.......     99%         1    None
 Static Discharge         Air            #.....       99%         1    None
 Summon Butterflies       Summ           #.......     99%         1    None
 Corpse Rot               Necr           N/A          100%        2    ####...
 Ensorcelled Hibernation  Hex/Ice        #.....       100%        2    ####...
 Flaming Arrows           Chrm/Fire      #.......     100%        2    ####...
 Passwall                 Tmut/Erth      #.......     100%        2    ####...
 Searing Ray              Conj           #.......     100%        2    ####...
 Shock                    Conj/Air       #......      100%        2    ####...
 Song of Slaying          Chrm           #.......     100%        2    ####...
 Swiftness                Chrm/Air       #.......     100%        2    ####...
 Beckoning                Tloc           #.........   100%        3    #####..
 Call Canine Familiar     Summ           #.......     100%        3    #####..
 Confuse                  Hex            #.......     100%        3    #####..
 Conjure Flame            Conj/Fire      #.......     100%        3    #####..
 Dazzling Orbs            Conj/Hex       #......      100%        3    #####..
 Inner Flame              Hex/Fire       N/A          100%        3    #####..
 Iskenderun's Mystic Bla  Conj           #.......     100%        3    #####..
 Mephitic Cloud           Conj/Pois/Air  #.......     100%        3    #####..
 Ozocubu's Armour         Chrm/Ice       #.......     100%        3    #####..
 Portal Projectile        Tloc           #.....       100%        3    #####..
 Recall                   Summ/Tloc      N/A          100%        3    #####..
 Regeneration             Chrm/Necr      #.........   100%        3    #####..
 Spectral Weapon          Hex/Chrm       #.......     100%        3    #####..
 Stone Arrow              Conj/Erth      #.....       100%        3    #####..
 Vampiric Draining        Necr           #.........   100%        3    #####..
 Agony                    Necr           #.......     100%        4    ######.
 Airstrike                Air            #.........   100%        4    ######.
 Animate Dead             Necr           N/A          100%        4    ######.
 Force Lance              Tloc           #.......     100%        4    ######.
 Fulminant Prism          Conj/Hex       #.........   100%        4    ######.
 Ice Form                 Ice/Tmut       #.......     100%        4    ######.
 Lightning Bolt           Conj/Air       #.......     100%        4    ######.
 Petrify                  Tmut/Erth      #.........   100%        4    ######.
 Sticky Flame             Conj/Fire      #.......     100%        4    ######.
 Summon Ice Beast         Ice/Summ       #.......     100%        4    ######.
 Tree Form                Hex/Tmut       N/A          100%        4    ######.
 Yara's Violent Unravell  Hex/Tmut       #.........   100%        4    ######.
 Bolt of Draining         Conj/Necr      #.........   100%        5    #######
 Bolt of Magma            Conj/Fire/Erth #.........   100%        5    #######
 Dispel Undead            Necr           #.......     100%        5    #######
 Fireball                 Conj/Fire      #.........   100%        5    #######
 Freezing Cloud           Ice/Air        #.......     100%        5    #######
 Irradiate                Conj/Tmut      #.........   100%        5    #######
 Iskenderun's Battlesphe  Conj/Chrm      #.......     100%        5    #######
 Lee's Rapid Deconstruct  Erth           #.........   100%        5    #######
 Metabolic Englaciation   Hex/Ice        #.........   100%        5    #######
 Piercing Shot            Chrm           #.........   100%        5    #######
 Silence                  Hex/Air        #.........   100%        5    #######
 Steam Barrier            Chrm/Fire      #.........   100%        5    #######
 Summon Forest            Summ/Tloc      #.........   100%        5    #######
 Summon Lightning Spire   Summ/Air       #.......     100%        5    #######
 Summon Mana Viper        Hex/Summ       #.......     100%        5    #######
 Venom Bolt               Conj/Pois      #.........   100%        5    #######
 Aura of Abjuration       Summ           #.........   100%        6    #######
 Bolt of Cold             Conj/Ice       #.........   100%        6    #######
 Borgnjor's Vile Clutch   Necr/Erth      #.........   100%        6    #######
 Conjure Ball Lightning   Conj/Air       #.........   100%        6    #######
 Darkness                 Hex            #.........   100%        6    #######
 Deflect Missiles         Chrm/Air       #.........   100%        6    #######
 Dispersal                Tloc           #.........   100%        6    #######
 Infestation              Hex/Tmut/Pois  #........    100%        6    #######
 Invisibility             Hex            #.......     100%        6    #######
 Iron Shot                Conj/Erth      #.........   100%        6    #######
 Ozocubu's Refrigeration  Ice            #.........   100%        6    #######
 Poison Arrow             Conj/Pois      #.........   100%        6    #######
 Simulacrum               Ice/Necr       #.......     100%        6    #######
 Statue Form              Tmut/Erth      #........    100%        6    #######
 Summon Hydra             Summ           #.........   100%        6    #######
 Virulence                Hex/Pois       #.......     100%        6    #######
 Controlled Blink         Tloc           #.......     100%        7    #######
 Monstrous Menagerie      Summ           #.........   100%        7    #######
 Shadow Creatures         Summ           N/A          100%        7    #######
 Chain Lightning          Conj/Air       #.........   100%        8    #######
 Time Stop                Chrm/Tloc      N/A          100%        8    #######
 Tornado                  Tloc/Air       #.........   100%        8    #######
 Shatter                  Erth           #.........   100%        9    #######
 Sublimation of Blood     Necr           Unusable     N/A         2    N/A
 Passage of Golubria      Tloc           Unusable     N/A         5    N/A

Dungeon Overview and Level Annotations

Branches:
Dungeon (12/12)            Temple (0/1) D:5            Lair (6/6) D:9
  Swamp (3/3) Lair:3       Spider (3/3) Lair:3        Slime (0/5) Lair:6
    Orc (1/1) D:11            Elf (3/3) Orc          Vaults (3/3) D:11
  Crypt (2/2) Vaults:1       Tomb (0/3) Crypt:2      Depths (5/5) D:12
    Zot (5/5) Depths:5

Altars:
Cheibriados
Dithmenos
Kikubaaqudgha
Lugonu
Nemelex Xobeh
Okawaru
Ru
Vehumet
Wu Jian
Yredelemnul
Jiyva

Shops:
D:4 [   D:5 (   D:6 *   D:8 [*(*[   D:10 (   Orc ?*[:   Depths:4 }==

Portals:
Hell: Depths:1 Depths:2 Depths:3 Depths:4 Depths:5
Abyss: Depths:4 Depths:5
Pandemonium: Depths:1 Depths:3
Ziggurat: Depths:5

Annotations:
D:2 1 runed door
Spider:1 2 transporters, tronn's ghost, journeyman GnAE
Elf:1 2 transporters, Anon1729's ghost, journeyman MiFi


Innate Abilities, Weirdness & Mutations

Eating raw meat heals you.
You have sharp fingernails.
You are carnivorous and can eat meat at any time.
You cover ground quickly.
You are frail. (-10% HP)
Your magical capacity is very low. (-20% MP)
You resist negative energy. (rN+)
Your system is resistant to poisons. (rPois)
You are less affected by unholy pain and torment.
You are missing a hand.
You cannot be stealthy.
Your casting is slightly disrupted.
You can hop short distances.
Scrolls take you a little longer to read.


Message History

(H) Hell (Z) Zot
Where to? (Enter - D:1 @ (x,y), ? - help)
Okay, then.
(D) Dungeon (T) Temple (L) Lair (S) Swamp (N) Spider Nest (M) Slime Pits (O) Orcish Mines (E) Elven Halls (V) Vaults (C) Crypt (W) Tomb (U) Depths (H) Hell (Z) Zot
Where to? (Enter - D:1 @ (x,y), ? - help)
What level of the Dungeon? (default 1, ? - help)
There is a stone staircase leading up here.
You climb upwards.
There is a stone staircase leading down here.
There is a stone staircase leading up here.
You climb upwards.
There is a stone staircase leading down here.
There is a stone staircase leading up, spattered with blood here.
There is a stone staircase leading up here.
You climb upwards.
There is a stone staircase leading down here.
There is a stone staircase leading up here.
You climb upwards.
There is a stone staircase leading down here.
You see here 186 stones.
A Shadow Fiend comes into view.
The Shadow Fiend roars!
Daomuin comes into view. It is armed with a freezing touch.
Really read with blurry vision while enemies are nearby?
You redirect the Shadow Fiend's attack!
You begin reading the scroll.
You continue reading the scroll.
As you read the scroll of fog, it crumbles to dust.
The scroll dissolves into smoke.
The Shadow Fiend begins to attack, but is stunned by your will!
The Shadow Fiend gestures.
You feel yourself speed up. Daomuin hits you but does no damage.
You reveal the great annihilating truth to your foes!
Daomuin is paralysed by terrible understanding!
You feel drained.
The helpless Daomuin fails to defend itself.
You hit Daomuin but do no damage.
Daomuin is lightly wounded.
The helpless Daomuin fails to defend itself.
You slice Daomuin!!
Daomuin is moderately wounded.
The troll shouts!
There is a stone staircase leading up here.
You climb upwards.
There is a stone staircase leading down here.
(D) Dungeon (T) Temple (L) Lair (S) Swamp (N) Spider Nest (M) Slime Pits (O) Orcish Mines (E) Elven Halls (V) Vaults (C) Crypt (W) Tomb (U) Depths (H) Hell (Z) Zot
Where to? (Enter - D:1 @ (x,y), ? - help)
What level of the Dungeon? (default 1, ? - help)
There is a stone staircase leading up here.
You climb upwards.
There is a stone staircase leading down here.
Your extra speed is starting to run out.
There is a stone staircase leading up here.
You climb upwards.
There is a stone staircase leading down here.
You feel yourself slow down.
There is a stone staircase leading up here.
You climb upwards.
Natasha hisses angrily.
Natasha is too close now for your liking.
There is a stone staircase leading down here.
You hit Natasha.
Natasha is moderately wounded.
Visions of eating Natasha fill your mind.
Natasha mumbles some strange words.
You slash Natasha!
You break out of your daze!
You kill Natasha!
The white imp disappears in a puff of smoke!
That item cannot be evoked!
Evoke which item? (* to show all) (? for menu, Esc to quit)
Aiming: Dig
Press: ? - help, Shift-Dir - straight line This square is covered in magical glow.
The rock shatters into small pieces.
You feel less exhausted.
There is a stone staircase leading up here.
You climb upwards.
Level annotation: 1 runed door
There is a stone staircase leading down here.
You eat one of the 66 rations {!d}.
That ration really hit the spot!
(D) Dungeon (T) Temple (L) Lair (S) Swamp (N) Spider Nest (M) Slime Pits (O) Orcish Mines (E) Elven Halls (V) Vaults (C) Crypt (W) Tomb (U) Depths (H) Hell (Z) Zot
Where to? (Enter - D:1 @ (x,y), ? - help)
What level of the Dungeon? (default 1, ? - help)
There is a stone staircase leading up here.
You climb upwards.
There is a stone staircase leading down here.
You enter the shallow water.
Moving in this stuff is going to be slow.
There is a staircase leading out of the dungeon here.
The power of the Orb breaks the dimensional shunt like a soap bubble!
You have escaped!

##.####...# #..# #.#
..........# #..# #.#
#.#.###.#.###..##############.#
..#...#.#..##.................#
#####>#.#..≈♣♣♣♣♣♣♣♣♣≈.######.#
..#...#.#.≈≈≈≈≈≈♣♣♣≈♣≈≈# #.#
#.#.###.#.♣♣≈≈≈≈≈≈≈≈≈≈♣####
#.###
#...###.#.♣♣≈≈≈≈≈≈≈≈≈≈♣...#
#.)..
........#.♣♣≈≈≈≈@≈≈≈≈≈♣##.#
##### ..........♣≈≈≈≈≈≈≈≈≈≈≈♣
#.# ####
.##.######♣♣≈≈≈≈≈≈≈≈≈≈♣##.#
#... .##.## #.≈≈♣♣≈♣♣≈≈≈≈≈≈##.#
#...
.#...####..≈♣♣♣♣♣♣♣♣♣≈....#
#... ..........### #.# ##.####
#### .....###### #)# #.# #
..#.## #.#####.# # ..#.#
#####.......# #


There were no monsters in sight!

Vanquished Creatures
  A juggernaut (Depths:4)
  6 orbs of fire (Zot:5)
  An ancient lich (Zot:5)
  The ghost of quik the Slayer, a veteran HuSu of Ashenzari (Depths:3)
  The ghost of Wired the Warrior, a veteran OgGl of Gozag (Depths:3)
  A greater mummy (Crypt:2)
  5 Killer Klowns (Zot:5)
  Sojobo (Vaults:2)
  6 golden dragons
  Margery (Depths:5)
  Saint Roka (Orc)
  2 curse toes
  2 pandemonium lords
  Nikola (Elf:3)
  4 rockslimes
  2 bone dragons
  4 electric golems
  Frances (Swamp:2)
  An iron giant (Depths:3)
  An Orb Demon (Zot:1)
  8 tentacled monstrosities
  Rupert (Vaults:2)
  22 Orb Guardians
  The ghost of Uxaophargh the Swashbuckler, an adept MiAc of Yredelemnul (Elf:2)
  5 deep elf blademasters
  2 deep elf master archers
  An ancient champion (Vaults:1)
  A titan (Depths:4)
  A quicksilver dragon (Depths:4)
  6 acid blobs (Zot:2)
  3 liches
  3 death cobs
  An Executioner (D:11)
  6 sphinxes
  Kirke (Swamp:1)
  6 shadow dragons
  8 ghouls
  4 tengu reavers
  2 thorn hunters
  A revenant (Crypt:1)
  6 draconian knights
  8 storm dragons
  A draconian monk (Zot:1)
  11 fire giants
  Louise (Elf:1)
  6 ghost moths
  5 emperor scorpions
  21 vault wardens
  11 deep elf sorcerers
  A cacodemon (Zot:5)
  7 frost giants
  An iron dragon (Depths:3)
  4 deep elf elementalists (Elf:3)
  2 draconian shifters
  2 draconian stormcallers
  A stone giant (shapeshifter) (Vaults:3)
  20 stone giants
  5 spriggan defenders
  An eye of devastation (Zot:2)
  18 ironheart preservers
  A draconian scorcher (Zot:1)
  15 very ugly things
  5 black draconians
  10 purple draconians
  8 deep elf demonologists
  5 vampire knights
  7 green draconians
  6 red draconians
  3 entropy weavers
  A minotaur (Elf:2)
  8 spark wasps
  11 deep elf annihilators
  16 yellow draconians
  6 white draconians
  The ghost of Irhican the Severer, a journeyman MiBe of Trog (Lair:3)
  5 deep elf death magi
  A ragged hierophant (Elf:2)
  11 dire elephants
  3 merfolk javelineers (Elf:2)
  2 crystal guardians (Vaults:3)
  Urug (D:12)
  2 merfolk impalers (Elf:2)
  10 jiangshi
  11 fire dragons
  15 ettins
  3 mummy priests (Crypt:2)
  5 rakshasas
  8 deep elf high priests
  Psyche (D:12)
  13 yaktaur captains
  Erica (D:8)
  35 vault guards
  11 hydras
  A quicksilver dragon skeleton (Crypt:2)
  6 ice dragons
  7 ghost crabs (Swamp:3)
  Harold (D:10)
  3 shadow wraiths
  2 catoblepae
  4 spriggan air magi
  A shambling mangrove (Swamp:3)
  29 two-headed ogres
  Sonja (Orc)
  11 deep troll shamans
  9 alligators
  4 great orbs of eyes
  3 death knights
  10 ogre magi
  3 vampire magi
  18 deep troll earth magi
  An alligator (shapeshifter) (Vaults:3)
  5 tengu warriors
  25 dancing weapons
  5 ironheart beastmasters
  10 spriggan berserkers
  17 death yaks
  17 deep elf knights
  23 deep trolls
  6 spriggans
  2 goliath frogs
  A titan skeleton (Crypt:1)
  6 skeletal warriors (Crypt:1)
  40 centaur warriors
  6 iron trolls
  27 hell knights
  A sixfirhy (Zot:5)
  6 flayed ghosts
  An unseen horror (D:11)
  A swamp dragon (Swamp:3)
  2 salamander mystics (Depths:4)
  A storm dragon skeleton (Crypt:1)
  A spriggan druid (Swamp:3)
  An orange crystal statue (Spider:1)
  4 spectral hydras (Swamp:3)
  6 wizards
  4 glowing orange brains
  15 ironheart convokers
  6 orc knights
  An iron giant skeleton (Crypt:2)
  4 phantasmal warriors
  2 lindwurms
  A wolf spider zombie (D:9)
  9 deep elf archers
  3 cyclopes
  Pikel (D:4)
  16 necromancers
  An oklob plant (Zot:2)
  16 orb spiders
  20 wolf spiders
  An orc sorcerer (Elf:3)
  23 ugly things
  A fire giant zombie (Crypt:1)
  A manticore (D:11)
  A frost giant zombie (Crypt:1)
  9 moths of wrath
  A salamander (shapeshifter) (Depths:3)
  78 deep elf magi
  2 stone giant zombies
  An iron dragon skeleton (Depths:2)
  10 elephants
  6 salamanders (Depths:4)
  Joseph (D:10)
  7 black mambas
  A guardian serpent (shapeshifter) (Elf:3)
  11 will-o'-wisps
  15 vault sentinels
  2 stone giant skeletons (Crypt:1)
  2 black mambas (shapeshifter)
  21 cane toads
  A storm dragon simulacrum (Vaults:2)
  A hellion (Depths:4)
  A komodo dragon (shapeshifter) (Vaults:2)
  68 yaktaurs
  A pale draconian zombie (Crypt:2)
  12 demonic crawlers
  14 komodo dragons
  2 swamp worm zombies (Swamp:3)
  19 jumping spiders
  A golden dragon simulacrum (Depths:2)
  3 flying skulls (Crypt:1)
  8 freezing wraiths
  2 eyes of draining
  32 guardian mummies (Crypt:2)
  4 tengu conjurers
  A red draconian skeleton (Crypt:2)
  A minotaur skeleton (Crypt:1)
  A meliai (shapeshifter) (Depths:2)
  A harpy zombie (Crypt:2)
  5 trolls
  2 hydra zombies (Swamp:3)
  3 meliai (D:9)
  A sphinx simulacrum (Vaults:2)
  A raiju (shapeshifter) (Depths:2)
  3 spectral swamp dragons (Swamp:3)
  Grinder (D:3)
  14 blink frogs
  2 harpy skeletons
  5 tyrant leeches
  24 hornets
  2 saltlings (Elf:2)
  2 alligator zombies (Swamp:3)
  A dream sheep (shapeshifter) (Depths:4)
  7 dream sheep (Lair:6)
  11 hippogriffs
  12 bog bodies
  15 slime creatures
  2 ettin zombies
  A fire dragon zombie (Crypt:1)
  2 blink frogs (shapeshifter)
  6 air elementals
  9 tarantellas
  6 wraiths
  2 spriggan skeletons (Depths:2)
  A shadow (Crypt:1)
  4 hogs (Swamp:1)
  8 ushabtiu (Crypt:2)
  8 wyverns
  8 water elementals
  A tarantella (shapeshifter) (Elf:2)
  5 basilisks
  A fire bat (shapeshifter) (Depths:4)
  49 yaks
  6 humans (D:11)
  2 fire bats (Depths:1)
  2 steam dragons
  A hungry ghost (D:7)
  4 fire elementals
  A human (shapeshifter) (Vaults:3)
  31 redbacks
  9 vampire mosquitoes
  6 swamp worms
  3 wargs (Orc)
  13 crocodiles
  Edmund (D:4)
  A merfolk zombie (Crypt:1)
  An acid dragon (D:12)
  6 water moccasins
  2 floating eyes (Depths:4)
  10 porcupines
  2 faun skeletons
  8 swamp drakes
  40 orc warriors
  3 soldier ants (D:8)
  An ice dragon simulacrum (Crypt:1)
  2 sky beasts
  A slave (D:4)
  An ice beast (D:12)
  An ettin simulacrum (Crypt:1)
  16 ogres
  2 black bears (Lair:6)
  12 phantoms
  19 wolves
  22 boggarts
  A boggart (shapeshifter) (Depths:4)
  6 swamp dragon zombies
  4 necrophages
  A swamp dragon skeleton (Crypt:1)
  3 kobold brigands
  16 bullfrogs
  A glowing shapeshifter simulacrum (Depths:2)
  3 earth elementals
  19 centaurs
  A wyvern skeleton (D:8)
  3 scorpions
  A swamp dragon simulacrum (Crypt:1)
  A polar bear skeleton (Crypt:1)
  4 electric eels
  3 howler monkeys
  11 orc priests
  A wolf zombie (Crypt:2)
  10 crimson imps
  3 bullfrog zombies
  3 hounds
  2 quasits
  A gnoll shaman (D:9)
  35 jellies
  2 bullfrog skeletons (D:6)
  Ijyb (D:3)
  Natasha (thrice) (D:3)
  2 iguanas (D:6)
  18 orc wizards
  20 worker ants
  Terence (D:3)
  A spectral swamp drake (Swamp:3)
  A killer bee zombie (Crypt:1)
  A small abomination (Depths:4)
  A felid zombie (Crypt:2)
  A hound zombie (D:9)
  5 mummies (Crypt:2)
  Robin (D:3)
  A worker ant zombie (Crypt:1)
  12 gnolls
  A howler monkey skeleton (D:6)
  A scorpion zombie (Crypt:2)
  9 adders
  A river rat (shapeshifter) (Depths:2)
  A centaur skeleton (Crypt:1)
  6 shadow imps
  An ooze (D:2)
  An adder skeleton (D:9)
  3 adder zombies
  A halfling skeleton (Crypt:1)
  5 worms
  A dart slug (D:1)
  5 leopard geckos
  77 orcs
  A giant cockroach (shapeshifter) (Vaults:3)
  8 goblins
  7 hobgoblins
  7 jackals
  16 kobolds
  3 quokkas
  A river rat zombie (Crypt:1)
  5 bats
  5 frilled lizards (D:2)
  A quokka zombie (Crypt:2)
  4 rats
  18 briar patches
  5 fungi
  11 plants
2155 creatures vanquished.

Vanquished Creatures (collateral kills)
  An acid blob (Zot:2)
  A draconian monk (Zot:2)
  A draconian shifter (Zot:2)
  2 yellow draconians (Zot:2)
  A moth of wrath (Zot:2)
6 creatures vanquished.

Vanquished Creatures (others)
  The ghost of tronn the Hoplite, a veteran GnFi of Gozag (Depths:3)
  3 tentacled monstrosities
  An Orb Guardian (Zot:5)
  A tengu reaver (Vaults:3)
  2 storm dragons (Zot:5)
  A draconian monk (Zot:2)
  A caustic shrike zombie (Depths:2)
  A vault warden (Vaults:3)
  An ironheart preserver (Vaults:3)
  A stone giant (Depths:4)
  2 black draconians (Depths:5)
  2 dire elephants (Vaults:3)
  A yellow draconian (Zot:5)
  A vault guard (Vaults:3)
  An ice dragon (Depths:5)
  2 dancing weapons (Elf:2)
  2 deep elf knights (Elf:2)
  A deep elf archer (Vaults:1)
  An anaconda zombie (Crypt:1)
  2 phantasmal warriors
  A necromancer (Depths:5)
  2 wolf spiders (Spider:1)
  2 ugly things
  A deep elf mage (Elf:2)
  A moth of wrath (Zot:5)
  A frost giant skeleton (Crypt:2)
  An elephant (Lair:5)
  A cane toad (Lair:2)
  A jumping spider (Spider:2)
  A swamp worm zombie (Swamp:3)
  2 yaktaurs
  2 guardian mummies (Crypt:2)
  2 trolls
  A harpy skeleton (D:12)
  A slime creature (Swamp:2)
  An alligator zombie (Swamp:3)
  A water elemental (Depths:5)
  A tarantella (Spider:3)
  An ushabti (Crypt:2)
  2 humans
  A redback (Vaults:3)
  A hungry ghost (D:12)
  A water moccasin (Lair:3)
  A slave (D:4)
  A sky beast (D:12)
  An ogre (D:4)
  2 orc wizards
  An adder skeleton (D:4)
  6 orcs
  A quokka (D:4)
  25 fungi
  26 plants
121 creatures vanquished.

Grand Total: 2282 creatures vanquished

Notes
Turn   | Place    | Note
-------+----------+-------------------------------------------
     0 | D:1      | Artagas the Ghoul Wanderer began the quest for the Orb.
     0 | D:1      | Artagas set off with the following items: a +0 hand
                  | crossbow, a +2 scale mail, 122 bolts, a potion of berserk
                  | rage, a chunk of flesh
     0 | D:1      | Reached XP level 1. HP: 22/22 MP: 1/1
    90 | D:1      | Reached skill level 5 in Fighting
   273 | D:1      | Reached skill level 2 in Crossbows
   273 | D:1      | Reached skill level 2 in Armour
   273 | D:1      | Reached XP level 2. HP: 29/29 MP: 2/2
   859 | D:2      | Found a sacrificial altar of Ru.
   866 | D:2      | Became a worshipper of Ru the Awakened
   916 | D:2      | Reached XP level 3. HP: 33/36 MP: 3/3
  1712 | D:2      | Found a runed door.
  1780 | D:3      | Noticed Robin
  1799 | D:3      | Killed Robin
  1800 | D:3      | Reached XP level 4. HP: 41/44 MP: 4/4
  1821 | D:3      | Reached skill level 3 in Crossbows
  1900 | D:3      | Reached skill level 6 in Fighting
  1948 | D:3      | Noticed Natasha
  1960 | D:3      | Killed Natasha
  1961 | D:3      | Reached XP level 5. HP: 35/51 MP: 5/5
  2366 | D:3      | Found a snail-covered altar of Cheibriados.
  2389 | D:3      | Noticed Ijyb
  2397 | D:3      | Killed Ijyb
  2549 | D:3      | Noticed Natasha
  2551 | D:3      | Killed Natasha
  2552 | D:3      | Reached skill level 7 in Fighting
  2642 | D:3      | Noticed Grinder
  2644 | D:3      | Gained mutation: You are missing a hand. [Ru sacrifice]
  2644 | D:3      | Reduced skill Shields to level 0
  2644 | D:3      | Reached * piety under Ru
  2644 | D:3      | Reached ** piety under Ru
  2644 | D:3      | Reached *** piety under Ru
  2656 | D:3      | Killed Grinder
  2657 | D:3      | Reached skill level 5 in Crossbows
  2657 | D:3      | Reached XP level 6. HP: 53/60 MP: 6/6
  2789 | D:3      | Noticed Terence
  2811 | D:3      | Killed Terence
  3048 | D:4      | Noticed a slave
  3048 | D:4      | Noticed a slave
  3048 | D:4      | Noticed Pikel
  3070 | D:4      | Killed a slave
  3088 | D:4      | Noticed a slave
  3092 | D:4      | Killed Pikel
  3093 | D:4      | Reached skill level 8 in Fighting
  3093 | D:4      | Reached skill level 3 in Armour
  3093 | D:4      | Reached skill level 2 in Dodging
  3093 | D:4      | Reached skill level 2 in Evocations
  3093 | D:4      | Reached XP level 7. HP: 45/68 MP: 6/8
  3093 | D:4      | Reached XP level 8. HP: 49/74 MP: 6/9
  3303 | D:4      | Reached skill level 3 in Dodging
  3370 | D:4      | Reached skill level 3 in Evocations
  3463 | D:4      | Found Feanoyn's Armour Shoppe.
  3472 | D:4      | Bought a +0 pair of gloves for 58 gold pieces
  3549 | D:4      | Noticed Edmund
  3567 | D:4      | Killed Edmund
  3568 | D:4      | Reached skill level 4 in Armour
  3583 | D:4      | Reached skill level 4 in Dodging
  3594 | D:4      | Reached skill level 4 in Evocations
  3802 | D:5      | Entered Level 5 of the Dungeon
  3875 | D:5      | Reached skill level 1 in Axes
  3980 | D:5      | Reached skill level 2 in Axes
  3980 | D:5      | Reached XP level 9. HP: 82/82 MP: 12/12
  4164 | D:5      | Reached skill level 9 in Fighting
  4164 | D:5      | Reached skill level 3 in Axes
  4361 | D:5      | Reached skill level 4 in Axes
  4722 | D:5      | Found Xasyonyo's Antique Weapon Emporium.
  4733 | D:5      | Bought a steaming scimitar for 252 gold pieces
  4733 | D:5      | Identified the +7 scimitar of Superiority {venom, rElec
                  | rPois} (You bought it in a shop on level 5 of the Dungeon)
  4745 | D:5      | Reached skill level 1 in Long Blades
  4854 | D:5      | Reached skill level 2 in Long Blades
  5015 | D:5      | Found a staircase to the Ecumenical Temple.
  5033 | D:5      | Reached skill level 3 in Long Blades
  5284 | D:6      | Reached skill level 4 in Long Blades
  5396 | D:6      | Found Ihow's Assorted Antiques.
  5398 | D:6      | Got a faintly humming robe
  5455 | D:6      | Gained mutation: You are frail. (-10% HP) [Ru sacrifice]
  5455 | D:6      | Reached **** piety under Ru
  5455 | D:6      | Reached ***** piety under Ru
  5530 | D:6      | Reached skill level 5 in Long Blades
  5678 | D:6      | Found a sacrificial altar of Ru.
  5678 | D:6      | Found a glowing golden altar of the Shining One.
  5697 | D:6      | Reached skill level 6 in Long Blades
  5721 | D:6      | Reached XP level 10. HP: 81/81 MP: 13/13
  6061 | D:6      | Bought a tapered fluorescent wand for 108 gold pieces
  6061 | D:6      | Bought a scroll labeled USAYHU UPLOST for 27 gold pieces
  6195 | D:7      | Found an ancient bone altar of Kikubaaqudgha.
  6196 | D:7      | Found a shadowy altar of Dithmenos.
  6199 | D:7      | Found a blossoming altar of Fedhas.
  6204 | D:7      | Found an iron altar of Okawaru.
  6206 | D:7      | Found a corrupted altar of Lugonu.
  6336 | D:7      | Reached skill level 7 in Long Blades
  6537 | D:7      | Found an ornate altar of the Wu Jian Council.
  6938 | D:8      | Found Bonleux's Antique Weapon Shop.
  7073 | D:8      | Reached skill level 8 in Long Blades
  7090 | D:8      | Found Oseobin's Assorted Antiques.
  7104 | D:8      | Bought a shiny glass wand for 76 gold pieces
  7104 | D:8      | Bought a gold wand for 76 gold pieces
  7114 | D:8      | Found Ogish's General Store.
  7124 | D:8      | Bought a wand of charming (3) for 60 gold pieces
  7148 | D:8      | Found Romaceb's Antique Armour Boutique.
  7260 | D:8      | Gained mutation: Your magical capacity is low. (-10% MP)
                  | [Ru sacrifice]
  7284 | D:8      | Noticed Erica
  7294 | D:8      | Killed Erica
  7377 | D:8      | Found a flagged portal.
  7447 | Bailey   | Entered a bailey
  7681 | Bailey   | Reached skill level 10 in Fighting
  7728 | Bailey   | Got an ancient hand crossbow
  7731 | Bailey   | Identified the +9 hand crossbow "Baru" {penet, *Drain Str+2
                  | Int+2 Stlth+} (You found it in a bailey)
  7776 | Bailey   | Noticed an orc knight
  7781 | Bailey   | Killed an orc knight
  7782 | Bailey   | Reached skill level 9 in Long Blades
  7939 | D:8      | Found Lifot's Armour Emporium.
  7988 | D:8      | Reached XP level 11. HP: 69/89 MP: 12/12
  8025 | D:8      | Noticed an orc knight
  8049 | D:8      | Killed an orc knight
  8050 | D:8      | Reached skill level 10 in Long Blades
  8335 | D:8      | Reached skill level 5 in Armour
  8673 | D:9      | Reached skill level 6 in Armour
  8749 | D:9      | Noticed a two-headed ogre
  8757 | D:9      | Killed a two-headed ogre
  8866 | D:9      | Reached skill level 7 in Armour
  9008 | D:9      | Gained mutation: You cannot be stealthy. [Ru sacrifice]
  9159 | D:9      | Reached skill level 5 in Evocations
  9260 | D:9      | Identified a scroll of acquirement
  9262 | D:9      | Identified the ring "Bicw" {rPois MP+9} (You acquired it on
                  | level 9 of the Dungeon)
  9274 | D:8      | Bought the +9 scales of the Dragon King {rPois rF+ rC+ MR+}
                  | for 1372 gold pieces
  9274 | D:8      | Found the +9 scales of the Dragon King {rPois rF+ rC+ MR+}
  9295 | D:8      | Identified the cursed +1 robe "Ymiusal" {Dex+6} (You found
                  | it on level 6 of the Dungeon)
  9405 | D:8      | Bought a pair of embroidered gloves for 247 gold pieces
  9544 | D:9      | Reached skill level 11 in Fighting
  9775 | D:9      | Found a staircase to the Lair.
  9840 | Lair:1   | Entered Level 1 of the Lair of Beasts
  9881 | Lair:1   | Reached XP level 12. HP: 72/99 MP: 14/14
  9963 | Lair:1   | Reached skill level 8 in Armour
 10037 | Lair:1   | Reached skill level 12 in Fighting
 11328 | Lair:2   | Reached skill level 9 in Armour
 11457 | Lair:2   | Gained mutation: Your casting is slightly disrupted. [Ru
                  | sacrifice]
 12144 | Lair:3   | Noticed a death yak
 12146 | Lair:3   | Noticed Irhican's ghost (journeyman MiBe)
 12146 | Lair:3   | Noticed a four-headed hydra
 12156 | Lair:3   | Killed a one-headed hydra
 12177 | Lair:3   | Found a runed translucent gate.
 12202 | Lair:3   | Reached skill level 10 in Armour
 12285 | Lair:3   | Found a hole to the Spider Nest.
 12420 | Lair:3   | Reached skill level 11 in Long Blades
 12542 | Lair:3   | Noticed a five-headed hydra
 12550 | Lair:3   | Killed a one-headed hydra
 12551 | Lair:3   | Reached XP level 13. HP: 94/106 MP: 15/15
 12698 | Lair:3   | Found a runed translucent gate.
 12712 | Lair:3   | Found a runed translucent gate.
 12723 | Lair:3   | Found a radiant altar of Vehumet.
 12825 | Lair:3   | Found a staircase to the Swamp.
 12928 | Lair:3   | Reached skill level 12 in Long Blades
 13056 | Lair:3   | Got a shimmering leather armour
 13287 | Lair:3   | Reached skill level 13 in Fighting
 13297 | Lair:3   | Killed Irhican's ghost
 13316 | Lair:3   | Got a coiled bone ring
 13318 | Lair:3   | Identified the ring of Ziukhluqu {Fire Slay+2 SInv} (You
                  | found it on level 3 of the Lair of Beasts)
 13426 | Lair:4   | Identified the +1 leather armour of the Wilderness {+Blink
                  | Int+4} (You found it on level 3 of the Lair of Beasts)
 13515 | Lair:4   | Reached skill level 14 in Fighting
 14491 | Lair:5   | Reached skill level 15 in Fighting
 14563 | Lair:5   | Gained mutation: Your magical capacity is very low. (-20%
                  | MP) [Ru sacrifice]
 14563 | Lair:5   | Reached ****** piety under Ru
 15012 | Lair:5   | Reached skill level 13 in Long Blades
 15012 | Lair:5   | Reached XP level 14. HP: 118/121 MP: 14/14
 15375 | Lair:6   | Entered Level 6 of the Lair of Beasts
 15510 | Lair:6   | Reached skill level 14 in Long Blades
 15623 | Lair:6   | Got a twisted trident
 15629 | Lair:6   | Identified the +6 trident of the Key {freeze, Int-2 Dex+5}
                  | (You found it on level 6 of the Lair of Beasts)
 15753 | Lair:6   | Found a staircase to the Slime Pits.
 15916 | Lair:6   | Found a viscous altar of Jiyva.
 16737 | Lair:6   | Reached skill level 11 in Armour
 16746 | Lair:6   | Reached skill level 16 in Fighting
 16907 | Lair:6   | Reached XP level 15. HP: 75/129 MP: 15/15
 17369 | D:10     | Entered Level 10 of the Dungeon
 17383 | D:10     | Found Hiuf's Antique Weapon Boutique.
 17446 | D:10     | Reached skill level 12 in Armour
 17524 | D:10     | Noticed Joseph
 17536 | D:10     | Killed Joseph
 17643 | D:10     | Reached skill level 2 in Throwing
 18010 | D:10     | Noticed Harold
 18017 | D:10     | Killed Harold
 18468 | D:11     | Reached skill level 3 in Throwing
 18605 | D:11     | Found a staircase to the Orcish Mines.
 19018 | D:11     | Reached skill level 4 in Throwing
 19287 | D:11     | Reached skill level 5 in Throwing
 19319 | D:11     | Found a gate to the Vaults.
 19653 | D:12     | Entered Level 12 of the Dungeon
 19705 | D:12     | Noticed Urug
 19719 | D:12     | Killed Urug
 19720 | D:12     | Reached skill level 6 in Throwing
 19784 | D:12     | Reached skill level 7 in Throwing
 19923 | D:12     | Noticed an Executioner
 19930 | D:12     | Reached skill level 8 in Throwing
 19995 | D:12     | Noticed Psyche
 19999 | D:12     | Found a basalt altar of Yredelemnul.
 20151 | D:12     | Found a staircase to the Depths.
 20180 | D:12     | Killed Psyche
 20425 | D:12     | Reached skill level 5 in Dodging
 20425 | D:12     | Identified the +1 leather armour "Cewillio" {+Blink rC-
                  | rCorr Str+5}
 20475 | D:12     | Reached skill level 6 in Dodging
 20845 | D:12     | Reached XP level 16. HP: 116/136 MP: 15/15
 20956 | Orc      | Entered the Orcish Mines
 20963 | Orc      | Noticed Saint Roka
 20971 | Orc      | Found a staircase to the Elven Halls.
 20980 | Orc      | Killed Saint Roka
 20981 | Orc      | Reached skill level 17 in Fighting
 20981 | Orc      | Noticed Sonja
 20985 | Orc      | Reached skill level 7 in Dodging
 21289 | Orc      | Killed Sonja
 21574 | Orc      | Reached skill level 8 in Dodging
 21991 | Orc      | Found Wuvuenic's Armour Shop.
 21991 | Orc      | Found Saneppuf's General Store.
 21993 | Orc      | Found Zyegg's Magic Scroll Shoppe.
 21995 | Orc      | Found Vuts's Book Boutique.
 21999 | Orc      | Bought a +2 pair of boots of running for 456 gold pieces
 22005 | Orc      | Bought a potion of might for 56 gold pieces
 22007 | Orc      | Bought a scroll of fog for 22 gold pieces
 22007 | Orc      | Bought a scroll of fog for 22 gold pieces
 22007 | Orc      | Bought a scroll of teleportation for 33 gold pieces
 22466 | Spider:1 | Entered Level 1 of the Spider Nest
 22681 | Spider:1 | Identified the ring of Bihug {Ice Dex+3, pickup} (You found
                  | it on level 1 of the Spider Nest)
 22691 | Spider:1 | Noticed tronn's ghost (journeyman GnAE)
 22707 | Spider:1 | Found a transporter.
 22757 | Spider:1 | Reached skill level 5 in Axes
 22846 | Spider:1 | Got a flickering glass ring
 23002 | Spider:1 | Found a transporter.
 23445 | Spider:2 | Reached skill level 18 in Fighting
 23603 | Spider:2 | Reached skill level 6 in Axes
 23928 | Spider:2 | Reached skill level 7 in Axes
 24325 | Spider:3 | Entered Level 3 of the Spider Nest
 24383 | Spider:3 | Reached skill level 8 in Axes
 24683 | Spider:3 | Reached skill level 9 in Axes
 24710 | Spider:3 | HP: 21/141 [poisoned by a redback]
 24924 | Spider:3 | Reached XP level 17. HP: 146/146 MP: 16/16
 25159 | Spider:3 | Reached skill level 10 in Axes
 25373 | Spider:3 | Reached skill level 11 in Axes
 25996 | Spider:3 | Reached skill level 12 in Axes
 26186 | Spider:3 | Identified the ring of Roothrukh {Wiz Str+4 Int+4} (You
                  | found it on level 1 of the Spider Nest)
 26186 | Spider:3 | Got a gossamer rune of Zot
 26680 | Orc      | Bought a +6 broad axe of flaming for 548 gold pieces
 26972 | Swamp:1  | Entered Level 1 of the Swamp
 26982 | Swamp:1  | Noticed Kirke
 26995 | Lair:3   | Identified the +9 scythe "Inifya Ehegh" {slice, MP+9} (You
                  | found it on level 3 of the Lair of Beasts)
 27373 | Swamp:1  | Killed Kirke
 27549 | Swamp:1  | Found the +8 orange crystal plate armour {Archmagi, Int+3
                  | Clar}
 27553 | Swamp:1  | Reached skill level 13 in Axes
 28209 | Swamp:2  | Noticed Frances
 28229 | Swamp:2  | Killed Frances
 28274 | Swamp:2  | Found a sparkling altar of Nemelex Xobeh.
 28511 | Swamp:2  | Reached skill level 14 in Axes
 28830 | Swamp:3  | Entered Level 3 of the Swamp
 28911 | Swamp:3  | Reached XP level 18. HP: 154/154 MP: 17/17
 29328 | Swamp:3  | Reached skill level 15 in Axes
 30194 | Swamp:3  | Noticed a bone dragon
 30213 | Swamp:3  | Killed a bone dragon
 30394 | Swamp:3  | Reached skill level 16 in Axes
 30509 | Swamp:3  | Got a decaying rune of Zot
 31174 | Vaults:1 | Entered Level 1 of the Vaults
 31448 | Vaults:1 | Found a staircase to the Crypt.
 31644 | Vaults:1 | Reached skill level 17 in Axes
 31716 | Vaults:1 | Reached XP level 19. HP: 113/161 MP: 18/18
 32116 | Vaults:1 | Found a flickering gateway to a bazaar.
 32126 | Vaults:1 | Reached skill level 18 in Axes
 32137 | Bazaar   | Entered a bazaar
 32137 | Bazaar   | Found Axaplimi's Distillery.
 32137 | Bazaar   | Found Vopif's Book Shop.
 32137 | Bazaar   | Found Bumal's Book Shoppe.
 32164 | Bazaar   | Found Kuciroer's Armour Boutique.
 32222 | Bazaar   | Bought a potion of flight for 76 gold pieces
 32222 | Bazaar   | Bought a potion of heal wounds for 95 gold pieces
 32222 | Bazaar   | Bought a potion of flight for 76 gold pieces
 32222 | Bazaar   | Bought a potion of magic for 95 gold pieces
 32222 | Bazaar   | Bought a potion of curing for 47 gold pieces
 32376 | D:8      | Bought a wand of digging (9) for 300 gold pieces
 32487 | D:6      | Bought a potion of heal wounds for 135 gold pieces
 32487 | D:6      | Bought a potion of might for 108 gold pieces
 33816 | Vaults:2 | Reached skill level 13 in Armour
 33823 | Vaults:2 | Reached skill level 19 in Fighting
 34065 | Vaults:2 | Identified the cursed +1 plate armour "Jeerony" {Regen+
                  | Str+2}
 34619 | Vaults:2 | Reached XP level 20. HP: 172/172 MP: 19/19
 34689 | Vaults:2 | Reached skill level 14 in Armour
 34792 | Vaults:2 | Reached skill level 20 in Fighting
 35291 | Vaults:2 | Noticed Rupert
 35298 | Vaults:2 | Noticed Sojobo
 35303 | Vaults:2 | Killed Rupert
 35544 | Vaults:2 | Killed Sojobo
 35684 | Crypt:1  | Entered Level 1 of the Crypt
 36188 | Crypt:1  | Identified the +8 long sword of Annihilation {venom, rC-
                  | Dex+7 SInv}
 36878 | Crypt:2  | Entered Level 2 of the Crypt
 36914 | Crypt:2  | Reached skill level 21 in Fighting
 36914 | Crypt:2  | Reached skill level 15 in Armour
 37466 | Crypt:2  | Reached XP level 21. HP: 159/183 MP: 19/19
 37575 | Crypt:2  | Identified the +8 mace of Necs {protect, +Rage Str+2 Dex-3}
 37617 | Crypt:2  | Identified the ring of Egomania {*Drain rF+ rN+ MR+ Stlth+}
 37845 | Crypt:2  | Noticed a greater mummy
 37853 | Crypt:2  | Killed a greater mummy
 38484 | Crypt:2  | Identified the cursed +0 plate armour of Pykhloo {Dex+6}
 38528 | Crypt:2  | Found a staircase to the Tomb.
 38753 | Crypt:2  | Identified the amulet of Guunna Bohut {Regen Dex+4}
 38753 | Crypt:2  | Identified the ring of Qaiwap {rN+ Int-2 Dex+7}
 39040 | Crypt:2  | Identified the +1 plate armour of Vlad {Str+3}
 39046 | Crypt:2  | Identified the +3 chain mail "Xaukh" {*Corrode Str+9}
 39057 | Crypt:2  | Identified Jesion's Handbook of the Snowflakes
 39291 | D:8      | Bought 83 javelins for 124 gold pieces
 39418 | Elf:1    | Entered Level 1 of the Elven Halls
 39676 | Elf:1    | Noticed Louise
 39698 | Elf:1    | Killed Louise
 40035 | Elf:1    | Reached skill level 16 in Armour
 40132 | Elf:1    | Found a transporter.
 40239 | Elf:1    | Found a transporter.
 40244 | Elf:1    | Noticed Anon1729's ghost (journeyman MiFi)
 40300 | Elf:1    | Reached skill level 22 in Fighting
 40769 | Elf:2    | Reached skill level 9 in Throwing
 40829 | Elf:2    | Found a runed gate.
 40830 | Elf:2    | Found a runed gate.
 40830 | Elf:2    | Found a runed gate.
 41415 | Elf:2    | Identified the +0 chain mail of the Eight Liches {Int+2}
 41467 | Elf:2    | Found a runed translucent gate.
 41467 | Elf:2    | Found a runed translucent gate.
 41469 | Elf:2    | Found a runed translucent gate.
 41471 | Elf:2    | Noticed Uxaophargh's ghost (adept MiAc)
 41474 | Elf:2    | Found an iron altar of Okawaru.
 41479 | Elf:2    | Reached skill level 10 in Throwing
 41491 | Elf:2    | Killed Uxaophargh's ghost
 41871 | Elf:2    | Reached XP level 22. HP: 83/193 MP: 2/20
 42524 | Elf:3    | Entered Level 3 of the Elven Halls
 42852 | Elf:3    | Reached skill level 9 in Dodging
 43207 | Elf:3    | Found a gateway to a bazaar.
 43401 | Elf:3    | Identified the cursed +1 ring mail "Musoi" {rF+ rC+ Dex+5}
 43479 | Elf:3    | Identified the +5 mace "Tunefeli" {flame, Stlth+}
 43851 | Elf:3    | Identified the +3 battleaxe "Tyxitumige" {chop, Int+2}
 43999 | Elf:3    | Reached skill level 11 in Throwing
 44016 | Elf:3    | Identified the +4 chain mail of Monotheism {rF+ MR- SInv}
 44268 | Elf:3    | Identified the ring of Zygaera {EV+3 Int+2}
 44285 | Elf:3    | Noticed Nikola
 44298 | Elf:3    | Killed Nikola
 44364 | Elf:3    | Reached skill level 10 in Dodging
 44725 | Elf:3    | Identified the Almanac of Toxins and Weightlessness
 44854 | Elf:3    | Identified the +3 hand axe "Etaddid" {drain, +Blink rPois}
 44854 | Elf:3    | Identified the +0 robe of Love and Death {MR++ Int+2 SInv}
 44933 | Elf:3    | Identified the +2 hat of the Sacrificial Victim {Dex+4}
 45229 | Depths:1 | Entered Level 1 of the Depths
 45516 | Depths:1 | Found a gateway to Hell.
 45518 | Depths:1 | Found the +0 shillelagh "Devastator" {shatter, Stlth+}
 45569 | Depths:1 | Identified the ring of Tilion {rPois AC+6}
 45585 | Depths:1 | Found a sparkling altar of Nemelex Xobeh.
 45595 | Depths:1 | Reached XP level 23. HP: 202/202 MP: 21/21
 45603 | Depths:1 | Found a one-way gate leading to the halls of Pandemonium.
 45709 | Depths:1 | Reached skill level 23 in Fighting
 45709 | Depths:1 | Reached skill level 19 in Axes
 45709 | Depths:1 | Reached skill level 17 in Armour
 46050 | Depths:1 | Reached skill level 12 in Throwing
 46721 | Depths:2 | Identified the +2 spear of Kaecipy {venom, Fragile rElec
                  | MR+++ Int-3}
 46755 | Depths:2 | Reached skill level 13 in Throwing
 46921 | Depths:2 | Noticed a golden dragon
 46946 | Depths:2 | Killed a golden dragon
 46947 | Depths:2 | Reached skill level 6 in Evocations
 47062 | Depths:2 | Found an iron altar of Okawaru.
 47226 | Depths:2 | Identified the cursed +1 falchion "Afeduink" {venom, *Rage
                  | +Fly rN+ Int+8}
 47229 | Depths:2 | Identified the ring of Res Nullius {rF++ AC+2 Str-5 Dex+5}
 47235 | Depths:2 | Identified the +7 great sword of Peass {protect, rC+ Dex+3}
 47614 | Depths:2 | Reached skill level 7 in Evocations
 48314 | Vaults:3 | Entered Level 3 of the Vaults
 48323 | Vaults:3 | Reached skill level 8 in Evocations
 48323 | Vaults:3 | Reached XP level 24. HP: 198/213 MP: 14/23
 48350 | Vaults:3 | Reached skill level 24 in Fighting
 48498 | Vaults:3 | Reached skill level 9 in Evocations
 48772 | Vaults:3 | Reached skill level 14 in Throwing
 49165 | Vaults:3 | Identified the +2 short sword "Kis Zimygu" {freeze, rElec
                  | Str-3 Dex+3 Stlth+}
 49360 | Vaults:3 | Got a silver rune of Zot
 49562 | Vaults:3 | Identified the ring of the Genius {+Inv Str+2 Int+4}
 49572 | Vaults:3 | Reached skill level 18 in Armour
 49772 | Vaults:3 | Identified the +1 pair of boots of Qoshru {rF- rCorr Int+2
                  | Dex+4}
 49862 | Vaults:3 | Reached skill level 11 in Dodging
 49876 | Vaults:3 | Identified the +5 chain mail of Heelal {rPois Int+4}
 49876 | Vaults:3 | Identified the amulet "Vuintinute" {Gourm rF- MP+9 Int+8
                  | Slay-5}
 50241 | Vaults:3 | Reached skill level 12 in Dodging
 50262 | Vaults:3 | Identified the cursed +0 ring mail "Zeshreis" {rPois MR-
                  | Str+3 Int+6}
 50431 | Vaults:3 | Reached XP level 25. HP: 220/220 MP: 23/23
 50448 | Vaults:3 | Identified Sif Muna's Volume of the Traveller
 50988 | D:8      | Bought a runed scarf for 264 gold pieces
 51867 | Depths:3 | Identified the ring "Erue" {rCorr Int+2}
 51926 | Depths:3 | Found a runed translucent door.
 51930 | Depths:3 | Noticed quik's ghost (veteran HuSu)
 52247 | Depths:3 | Reached skill level 15 in Throwing
 52679 | Depths:3 | Killed quik's ghost
 52694 | Depths:3 | Found a runed translucent door.
 52699 | Depths:3 | Noticed tronn's ghost (veteran GnFi)
 52740 | Depths:3 | Killed tronn's ghost
 52747 | Depths:3 | Found a runed translucent door.
 52750 | Depths:3 | Noticed Wired's ghost (veteran OgGl)
 52751 | Depths:3 | Identified the Catalogue of the Volcanoes and the Rocks
 52784 | Depths:3 | Killed Wired's ghost
 52785 | Depths:3 | Reached skill level 16 in Throwing
 52827 | Depths:3 | Identified the cursed +2 bardiche "Deureg" {chop, rN+
                  | Str+3}
 53161 | Depths:4 | Found a one-way gate to the infinite horrors of the Abyss.
 53235 | Depths:4 | Found Bitosur's Gadget Shoppe.
 53235 | Depths:4 | Found Wurph's Jewellery Shop.
 53236 | Depths:4 | Found Ogewul's Jewellery Shop.
 53379 | Depths:4 | Noticed a juggernaut
 53396 | Depths:4 | Killed a juggernaut
 53397 | Depths:4 | Reached skill level 25 in Fighting
 53656 | Depths:4 | Reached XP level 26. HP: 230/232 MP: 23/23
 53774 | Depths:4 | Reached skill level 13 in Dodging
 53795 | Depths:4 | Noticed a golden dragon
 53819 | Depths:4 | Killed a golden dragon
 54585 | Depths:4 | Noticed a golden dragon
 54599 | Depths:4 | Killed a golden dragon
 54600 | Depths:4 | Reached skill level 19 in Armour
 54600 | Depths:4 | Reached skill level 14 in Dodging
 54748 | Depths:5 | Entered Level 5 of the Depths
 54872 | Depths:5 | Noticed Margery
 54873 | Depths:5 | Noticed a golden dragon
 54902 | Depths:5 | Killed a golden dragon
 54947 | Depths:5 | Killed Margery
 54948 | Depths:5 | Reached skill level 10 in Evocations
 54984 | Depths:5 | Found a gate to the Realm of Zot.
 55212 | Depths:5 | Found a gateway to a ziggurat.
 55568 | Depths:5 | Found a flickering gateway to a bazaar.
 55634 | Zot:1    | Entered Level 1 of the Realm of Zot
 55705 | Zot:1    | Reached skill level 11 in Evocations
 55938 | Zot:1    | Reached skill level 26 in Fighting
 55944 | Zot:1    | Reached XP level 27. HP: 98/242 MP: 21/25
 57093 | Bazaar   | Entered a bazaar
 57093 | Bazaar   | Found Oplilusch's Distillery.
 57093 | Bazaar   | Found Botiev's Antique Weapon Shop.
 57112 | Bazaar   | Bought a potion of heal wounds for 70 gold pieces
 57112 | Bazaar   | Bought a potion of curing for 35 gold pieces
 57112 | Bazaar   | Bought a potion of curing for 35 gold pieces
 57112 | Bazaar   | Bought a potion of resistance for 140 gold pieces
 57112 | Bazaar   | Bought a potion of curing for 35 gold pieces
 57112 | Bazaar   | Bought a potion of might for 56 gold pieces
 57112 | Bazaar   | Bought a potion of might for 56 gold pieces
 57112 | Bazaar   | Bought a potion of heal wounds for 70 gold pieces
 57118 | Bazaar   | Found Byotaewy's Antique Armour Shop.
 57164 | Bazaar   | Bought the -2 hat of the Alchemist {rElec rPois rF+ rC+ rN+
                  | MR+ rMut rCorr} for 944 gold pieces
 57164 | Bazaar   | Found the -2 hat of the Alchemist {rElec rPois rF+ rC+ rN+
                  | MR+ rMut rCorr}
 57487 | Depths:4 | Bought an uncursed ring of see invisible for 374 gold
                  | pieces
 57660 | Zot:2    | Reached skill level 27 in Fighting
 57853 | Zot:1    | Reached skill level 12 in Evocations
 58081 | Zot:3    | Noticed a golden dragon
 58099 | Zot:3    | Killed a golden dragon
 58100 | Zot:3    | Reached skill level 13 in Evocations
 58102 | Zot:3    | Found the +1 pair of gauntlets of War {Slay+6}
 58877 | Zot:5    | Entered Level 5 of the Realm of Zot
 59243 | Zot:5    | Noticed an orb of fire
 59260 | Zot:5    | Killed an orb of fire
 59583 | Zot:5    | Noticed a golden dragon
 59606 | Zot:5    | Killed a golden dragon
 59607 | Zot:5    | Reached skill level 15 in Dodging
 59666 | Zot:5    | Noticed an orb of fire
 59698 | Zot:5    | Gained mutation: Scrolls take you a little longer to read.
                  | [an orb of fire]
 59703 | Zot:5    | Killed an orb of fire
 59804 | Zot:5    | Noticed a Killer Klown
 59809 | Zot:5    | Killed a Killer Klown
 59937 | Zot:5    | Noticed an ancient lich
 59952 | Zot:5    | Killed an ancient lich
 60068 | Zot:5    | Noticed a Killer Klown
 60073 | Zot:5    | Killed a Killer Klown
 60351 | Zot:5    | Noticed a Killer Klown
 60365 | Zot:5    | Killed a Killer Klown
 60366 | Zot:5    | Noticed an orb of fire
 60367 | Zot:5    | Noticed a Killer Klown
 60374 | Zot:5    | Reached skill level 20 in Armour
 60376 | Zot:5    | Reached skill level 16 in Dodging
 60381 | Zot:5    | Killed an orb of fire
 60385 | Zot:5    | Killed a Killer Klown
 60474 | Zot:5    | Noticed a Killer Klown
 60493 | Zot:5    | Killed a Killer Klown
 60537 | Zot:5    | Noticed an orb of fire
 60559 | Zot:5    | Killed an orb of fire
 61020 | Zot:5    | Reached skill level 17 in Dodging
 61077 | Zot:5    | Noticed an orb of fire
 61109 | Zot:5    | Killed an orb of fire
 61127 | Zot:5    | Noticed an orb of fire
 61138 | Zot:5    | Killed an orb of fire
 61501 | Zot:5    | Got the Orb of Zot
 61516 | Zot:5    | Noticed Eczistuq the pandemonium lord
 61528 | Zot:5    | Killed Eczistuq the pandemonium lord
 61581 | Zot:5    | Noticed a golden dragon
 61581 | Zot:5    | Noticed a golden dragon
 61618 | Zot:4    | Reached skill level 21 in Armour
 61705 | Depths:4 | Noticed Koirr the pandemonium lord
 61719 | Depths:4 | Killed Koirr the pandemonium lord
 61947 | D:7      | Noticed Daomuin the pandemonium lord
 62014 | D:3      | Noticed Natasha
 62016 | D:3      | Killed Natasha
 62069 | D:$      | Escaped with the Orb!

Skill      XL: |  1  2  3  4  5  6  7  8  9 10 11 12 13 14 15 16 17 18 19 20 21 22 23 24 25 26 27 |
---------------+----------------------------------------------------------------------------------+-----
Fighting       | 5 6 7 8 9 10 11 12 15 16 18 19 21 22 23 24 25 26 27 | 27.0
Crossbows      | 2 3 5 |  5.0
Armour         | 2 3 4 7 10 11 12 13 15 16 17 18 19 21 | 21.1
Shields        | 0 |  0.0
Dodging        | 2 4 6 8 10 12 14 17 | 17.8
Evocations     | 2 4 5 8 9 11 13 | 13.0
Axes           | 2 4 9 14 17 18 19 | 19.0
Long Blades    | 6 9 10 11 13 14 | 14.0
Throwing       | 8 10 11 13 14 16 | 16.0

Action                   |  1- 3 |  4- 6 |  7- 9 | 10-12 | 13-15 | 16-18 | 19-21 | 22-24 | 25-27 || total
-------------------------+-------+-------+-------+-------+-------+-------+-------+-------+-------++-------
Melee: Short sword       |    91 |    34 |       |       |       |       |       |       |       ||   125
       Club              |     5 |       |       |       |       |       |       |       |       ||     5
       Falchion          |       |    38 |    47 |       |       |       |       |       |       ||    85
       Trident           |       |       |    95 |       |       |       |       |       |       ||    95
       Scimitar          |       |       |   109 |   533 |   898 |   606 |       |       |       ||  2146
       Broad axe         |       |       |       |       |       |   520 |  1105 |  1020 |  1259 ||  3904
 Fire: Hand crossbow     |    31 |    53 |   112 |    52 |    15 |       |       |       |       ||   263
Throw: Tomahawk          |       |     8 |    16 |    30 |    38 |   201 |    13 |       |       ||   306
       Javelin           |       |       |       |       |       |       |    87 |   278 |   492 ||   857
Invok: Sacrifice a Hand  |       |     1 |       |       |       |       |       |       |       ||     1
       Draw Out Power    |       |       |     1 |       |       |       |       |     1 |       ||     2
       Sacrifice Health  |       |       |     1 |       |       |       |       |       |       ||     1
       Apocalypse        |       |       |       |     3 |     9 |    13 |    12 |    16 |    24 ||    77
       Sacrifice Essence |       |       |       |     2 |     1 |       |       |       |       ||     3
       Sacrifice Stealth |       |       |       |     1 |       |       |       |       |       ||     1
 Abil: Hop               |     1 |     2 |     4 |     2 |     3 |     5 |     3 |     2 |       ||    22
       Evoke Invisibilit |       |       |       |       |       |       |       |       |     5 ||     5
Evoke: Wand              |       |       |       |     1 |     1 |     5 |     3 |     4 |     9 ||    23
       Lamp of fire      |       |       |       |       |       |     1 |     1 |     1 |     1 ||     4
       Phial of floods   |       |       |       |       |       |       |     1 |       |       ||     1
       Sack of spiders   |       |       |       |       |       |       |       |     1 |       ||     1
  Use: Scroll            |     5 |       |     2 |    16 |     5 |     7 |     5 |     4 |    10 ||    54
       Potion            |       |       |       |       |       |     4 |     2 |     4 |     9 ||    19
 Stab: Invisible         |       |       |     2 |     6 |     8 |     9 |     5 |    11 |    45 ||    86
       Distracted        |       |       |       |     2 |     3 |     6 |     3 |     5 |     8 ||    27
       Paralysed         |       |       |       |     2 |    30 |    24 |    17 |    41 |    60 ||   174
       Petrifying        |       |       |       |       |     1 |       |       |       |       ||     1
       Sleeping          |       |       |       |       |       |     1 |       |       |       ||     1
       Confused          |       |       |       |       |       |       |       |     3 |     2 ||     5
  Eat: Chunk             |     5 |     7 |    22 |    38 |    49 |   101 |    93 |    48 |    51 ||   414
       Ration            |       |       |     1 |       |     1 |       |     5 |     3 |    12 ||    22
Armor: Scale mail        |    43 |    42 |   137 |   114 |       |       |       |       |       ||   336
       Gold dragon scale |       |       |       |   164 |   520 |  1043 |   658 |   533 |   489 ||  3407
Dodge: Dodged            |    34 |    47 |   160 |   184 |   151 |   393 |   218 |   251 |   297 ||  1735
Block: Other             |       |       |    31 |   118 |   174 |   265 |    74 |     9 |       ||   671
       Reflection        |       |       |     2 |       |     7 |    10 |     3 |     1 |       ||    23

Levels and vault maps discovered:
D:1:      reono_arrival_forest_river, layout_loops_ring
D:2:      layout_loops_corners, nicolae_ru_awakened_eye, uniq_crazy_yiuf_cottage
D:3:      layout_basic, cheibriados_altar_1, uniq_terence, uniq_ijyb,
          uniq_natasha, uniq_grinder, uniq_robin
D:4:      layout_rooms, serial_shops, shop_fountains, first_ration, uniq_edmund,
          uniq_pikel
D:5:      layout_basic, minmay_temple_entry_fiery, serial_shops, shop
D:6:      layout_loops_cross, gammafunk_temple_overflow_wave, serial_shops,
          nicolae_shop_window_shopping
D:7:      layout_basic, lemuel_crystal_altar, minitemple
D:8:      layout_basic, serial_shops, shop_coins, nicolae_shop_statue_plus,
          shop_coins, nicolae_shop_stone,
          nicolae_shop_temple_entry_statues_fountains, enter_bailey_8,
          hangedman_pestilent_swarm, chequers_garden, uniq_erica
D:9:      layout_big_octagon, erik_lair_dragon
D:10:     layout_loops_corners, serial_shops, shop, uniq_joseph, uniq_harold
D:11:     layout_basic, david_orc_1_choice, ximxim_vaults_locker_room,
          minmay_misc_feat_secret_circle
D:12:     hangedman_depths_entry_civil_slaughter, layout_long_grid,
          yredelemnul_altar_generic, uniq_psyche, uniq_urug
Lair:1:   layout_layer_cave, chequers_serial_rivers_micro_d, grunt_megastairs_4,
          infiniplex_staircase_pool
Lair:2:   layout_cave_pods, minivault_26
Lair:3:   cheibrodos_lair_overgrown_chateau, layout_long_grid,
          minmay_swamp_entry_eels, spider_nest_entry_a, gammafunk_ghost_split,
          basic_altar
Lair:4:   layout_regular_city, lemuel_fruit_tree
Lair:5:   layout_cave_pods, minivault_23, serial_bayou_pond_e,
          beast_lair_carwin_5, lemuel_fruit_fields
Lair:6:   grunt_lair_end_beastmaster, layout_regular_city,
          minmay_slime_entry_jelly_boxes, grunt_megastairs_1
Swamp:1:  layout_basic_swamp, evilmike_swamp_ruin_house_3,
          infiniplex_staircase_pool_2, uniq_kirke
Swamp:2:  layout_basic_swamp, basic_altar, uniq_frances
Swamp:3:  swamp_pestilence, layout_basic_swamp
Spider:1: layout_spider_delve, gammafunk_ghost_berserking_beasts
Spider:2: layout_spider_delve
Spider:3: guppyfry_spider_rune
Orc:      st_orc_rangers, layout_caves, elves_outpost_lemuel, uniq_sonja,
          uniq_saint_roka
Elf:1:    minmay_elf_arrival_plus, layout_loops_cross,
          gammafunk_ghost_berserking_beasts, uniq_louise
Elf:2:    nicolae_elf_blades_crystal_corner, layout_geoelf_grid,
          gammafunk_ghost_fury_of_okawaru, portal_desolation_entry_nicolae_nacl
Elf:3:    nooodl_elf_gasket, layout_loops_corners, serial_shops, statue_bzr,
          item_on_display_a, uniq_nikola
Vaults:1: v_pattern_2, ontoclasm_vaults_pinch, ontoclasm_vaults_gateway,
          minmay_crypt_entry_simple_sparse, vaults_room_pool, v_misc_13,
          vaults_mumra_hexcomb, nicolae_vaults_border_crossing,
          vaults_room_corners, nicolae_vaults_mini_display_case,
          layout_vaults_quadrants, serial_shops, bzr_entry_gold
Vaults:2: nicolae_vaults_network_quincunx
          [nicolae_vaults_network_quincunx_subvault,
          nicolae_vaults_network_quincunx_subvault,
          nicolae_vaults_network_quincunx_subvault,
          nicolae_vaults_network_quincunx_subvault,
          nicolae_vaults_network_quincunx_subvault], nicolae_vaults_arrows,
          vaults_mumra_chevron_long, vaults_mumra_hex, vaults_room_door_ring,
          ontoclasm_vaults_loading_screen, vaults_room_door_hall,
          hangedman_vaults_hat, v_misc_15, dpeg_vaults_monster_box,
          vaults_dpeg_diagonal, nicolae_vaults_angled_halls,
          nicolae_vaults_theta, sword_in_stone, layout_vaults_omnibox
Vaults:3: serial_shops
Crypt:1:  layout_chaotic_city
Crypt:2:  due_elkab, layout_chaotic_city
Depths:1: minmay_roctagon, layout_gridlike, hell_entry, pan_entry, minmay_holes,
          minmay_misc_feat_square, nicolae_water_bricks, kennysheep_path_1,
          nemelex_xobeh_ov_fountains_minmay, firewood_loft, grunt_megastairs_2
Depths:2: minmay_the_grid_plus_closed [minmay_the_grid_rooms,
          minmay_the_grid_garden, minmay_the_grid_large_cup,
          minmay_the_grid_fan, minmay_the_grid_prize_diamond_cup], layout_basic,
          okawaru_ov_weapons_minmay, hell_entry, minmay_staircase_bubble
Depths:3: kennysheep_scales, layout_gridlike, pan_entry, serial_glass,
          glass_columns_a, glass_columns_a, minmay_misc_feat_roman,
          muffindrake_ghost_three_little_ghosts, hell_entry
Depths:4: nooodl_heptagram, layout_cave_pools, minmay_misc_feat_hallway,
          nicolae_abyss_entry_one_way_or_another, hell_entry, minmay_shop_grove
Depths:5: grunt_crosshair, layout_cave_pools, enter_ziggurat_a, nrook_campfire,
          serial_shops, bzr_entry_road, grunt_metal_band, abyss_entry,
          lemuel_flames_and_gold
Zot:1:    layout_basic, hangedman_zot_decor_tridents, grunt_ministairs_1
Zot:2:    lemuel_acid_trip, layout_onion, st_stairs_7
Zot:3:    kennysheep_ambush_hall, layout_gridlike, grunt_ministairs_5
Zot:4:    layout_gridlike, zot_minivault_1
Zot:5:    layout_gridville, grunt_ministairs_9, nicolae_lava_and_water

Table legend:
 A = Turns spent in this place as a percentage of turns spent in the entire game.
 B = Non-inter-level travel turns spent in this place as a percentage of non-inter-level travel turns spent in the entire game.
 C = Inter-level travel turns spent in this place as a percentage of turns spent in this place.
 D = Turns resting spent in this place as a percentage of non-inter-level travel turns spent in this place.
 E = Turns spent auto-exploring this place as a percentage of non-inter-level travel turns spent in this place.
 F = Non-inter-level travel turns spent in this place divided by the number of levels of this place that you've seen.
                   A       B       C       D       E      F
               +-------+-------+-------+-------+-------+----------------------
         Total | 100.0 | 100.0 |  11.6 |  15.0 |  56.3 | 1192.5
       Dungeon |  25.4 |  23.1 |  19.7 |  10.6 |  67.9 | 1056.2
          Lair |  13.2 |  13.8 |   7.8 |   6.3 |  72.8 | 1259.7
         Swamp |   5.6 |   6.1 |   4.0 |  21.0 |  51.2 | 1107.3
   Spider Nest |   6.5 |   7.1 |   3.0 |  15.7 |  60.1 | 1296.7
  Orcish Mines |   2.2 |   2.0 |  17.4 |  12.0 |  57.5 | 1112.0
   Elven Halls |   9.6 |   9.6 |  11.2 |  19.8 |  49.8 | 1763.7
        Vaults |  11.2 |  11.1 |  12.5 |  11.3 |  47.2 | 2032.7
         Crypt |   5.6 |   6.2 |   2.3 |  20.8 |  52.1 | 1695.5
        Depths |  13.5 |  13.1 |  14.2 |  11.2 |  54.5 | 1437.8
           Zot |   6.3 |   6.8 |   4.7 |  45.5 |  15.0 | 743.0
        Bazaar |   0.3 |   0.4 |   0.0 |   0.0 |  60.5 | 105.0
        Bailey |   0.6 |   0.7 |   0.0 |   0.0 |  51.1 | 403.0
               +-------+-------+-------+-------+-------+----------------------

Table legend:
 A = Kills in this place as a percentage of kills in entire the game.
 B = Kills by you in this place as a percentage of kills by you in the entire game.
 C = Kills by friends in this place as a percentage of kills by friends in the entire game.
 D = Other kills in this place as a percentage of other kills in the entire game.
 E = Experience gained in this place as a percentage of experience gained in the entire game.
 F = Experience gained in this place divided by the number of levels of this place that you have seen.
                   A       B       C       D       E      F
               +-------+-------+-------+-------+-------+----------------------
         Total | 100.0 | 100.0 | 100.0 | 100.0 | 100.0 | 34732.3
       Dungeon |  18.0 |  18.0 |   0.0 |  20.6 |   3.8 | 5037.8
          Lair |  10.4 |  10.6 |   0.0 |   4.8 |   4.4 | 11825.2
         Swamp |   6.4 |   6.4 |   0.0 |   4.8 |   4.0 | 21515.7
   Spider Nest |   6.0 |   6.0 |   0.0 |   6.3 |   4.1 | 21599.3
  Orcish Mines |   3.4 |   3.3 |   0.0 |   6.3 |   1.2 | 18958.0
   Elven Halls |   8.2 |   8.3 |   0.0 |   7.9 |  10.2 | 54202.3
        Vaults |  15.5 |  15.5 |   0.0 |  15.9 |  19.9 | 105982.3
         Crypt |   6.4 |   6.4 |   0.0 |   7.9 |   4.9 | 39405.5
        Depths |  17.5 |  17.6 |   0.0 |  17.5 |  25.3 | 80975.2
           Zot |   7.6 |   7.3 | 100.0 |   7.9 |  22.1 | 70583.2
        Bailey |   0.6 |   0.7 |   0.0 |   0.0 |   0.1 | 821.0
               +-------+-------+-------+-------+-------+----------------------
